 Dungeon Crawl Stone Soup version 0.22-a0-406-g9ff8d77 (webtiles) character file.

19 Borgoz the Skirmisher (level 2, -4/19 HPs)
             Began as a Gargoyle Abyssal Knight on May 8, 2018.
             Was a Follower of Lugonu.
             Slain by a gnoll
             ... wielding a cursed -2 halberd
              (5 damage)
             ... on level 1 of the Dungeon.
             The game lasted 00:00:41 (309 turns).

Borgoz the Skirmisher (Gargoyle Abyssal Knight)      Turns: 309, Time: 00:00:42

Health: -4/19      AC:  6    Str: 15    XL:     2   Next: 75%
Magic:  3/3        EV: 11    Int: 12    God:    Lugonu [*.....]
Gold:   0          SH:  0    Dex:  9    Spells: 1/1 levels left

rFire    . . .     SeeInvis .   a - +1 hand axe
rCold    . . .     Gourm    .   (no shield)
rNeg     + . .     Faith    .   b - +0 leather armour
rPois    ∞         Spirit   .   (no helmet)
rElec    +         Reflect  .   (no cloak)
rCorr    .         Harm     .   (no gloves)
MR       .....                  (no boots)
Stlth    +.........             (no amulet)
HPRegen  0.06/turn              (no ring)
MPRegen  0.08/turn              (no ring)

@: no status effects
A: negative energy resistance 1, electricity resistance, unbreathing,
petrification resistance, rot immunity, AC +2
a: Depart the Abyss, Renounce Religion


You were on level 1 of the Dungeon.
You worshipped Lugonu.
Lugonu was aware of your devotion.
You were not hungry.

You visited 1 branch of the dungeon, and saw 1 of its levels.
You visited the Abyss 1 time.

Inventory:

Hand Weapons
 a - a +1 hand axe (weapon)
Armour
 b - a +0 leather armour (worn)
Scrolls
 d - a scroll of magic mapping {unknown}
Comestibles
 c - a ration


   Skills:
 + Level 3.5 Fighting
 + Level 2.0 Axes
 + Level 2.5 Armour
 + Level 1.1 Dodging
 + Level 2.3 Invocations


You had one spell level left.
You didn't know any spells.

Dungeon Overview and Level Annotations

Branches:
Dungeon (1/15)

Altars:


Innate Abilities, Weirdness & Mutations

You are resistant to torment.
Your stone body is resilient. (AC +2)
You are immune to poison.
You resist negative energy. (rN+)
You are resistant to electric shocks. (rElec)
You can survive without breathing.
You are immune to petrification.
You are immune to rotting.


Message History

You barely miss the gnoll. The gnoll barely misses you.
You hit the gnoll.
The gnoll is lightly wounded.
The gnoll barely misses you.
You closely miss the gnoll.
The gnoll is lightly wounded.
The gnoll hits you with a halberd.
* * * LOW HITPOINT WARNING * * *
You closely miss the gnoll.
The gnoll is lightly wounded.
The gnoll hits you but does no damage.
You hit the gnoll.
The gnoll is heavily wounded.
The gnoll hits you with a halberd.
* * * LOW HITPOINT WARNING * * *
You aren't carrying any potions.
You closely miss the gnoll.
The gnoll is heavily wounded.
The gnoll hits you with a halberd.
You die...

. ##.............. ....
.......#.#....#
#....##..##.#......####
.#.. ...................
.....###..##.#.#........
.#...#....$.............
..........##.#.#....####
....................####
.......@.....#.#........
......g.................
.#................#.####
..................#.####
...............#..#.....
...$.###.###...#........
##.#. #.......#..#.####
.... .......#††#.#
.......#..#.#


You could see a gnoll.

Vanquished Creatures
  A worm (D:1)
  2 goblins (D:1)
  7 jackals (D:1)
  2 kobolds (D:1)
  A frilled lizard (D:1)
  2 rats (D:1)
15 creatures vanquished.

Notes
Turn   | Place    | Note
-------+----------+-------------------------------------------
     0 | Abyss:1  | Borgoz the Gargoyle Abyssal Knight began the quest for the Orb.
     0 | Abyss:1  | Reached XP level 1. HP: 14/14 MP: 2/2
    14 | Abyss:1  | Noticed a tyrant leech
    15 | D:1      | Escaped the Abyss
   247 | D:1      | Reached skill level 1 in Dodging
   247 | D:1      | Reached XP level 2. HP: 12/19 MP: 3/3
   266 | D:1      | Reached * piety under Lugonu
   309 | D:1      | Slain by a gnoll

Vault maps used:
D:1:      evilmike_arrival_run_for_it, grunt_decor_mini_mirrors, feat_on_display

Skill      XL: |  1  2 |
---------------+-------+-----
Dodging        | 1 |  1.1
Axes           | 2 |  2.0
Fighting       | |  3.5
Armour         | |  2.5
Invocations    | |  2.3

Action                   || total
-------------------------++-------
Melee: Hand axe          ||    43
Invok: Depart the Abyss  ||     1
Armor: Leather armour    ||    33
Dodge: Dodged            ||    39

Table legend:
 A = Spawn XP
 B = Non-spawn XP
 C = Spawn XP percentage of total XP
 D = Spawn monster count
 E = Non-spawn monster count
 F = Spawn count percentage of total count
 G = Total turns spent on level
                    A         B        C        D         E        F      G
               +---------+---------+-------+---------+---------+-------+---------
         Total |       0 |      28 |   0.0 |       0 |      15 |   0.0 |   309
               +---------+---------+-------+---------+---------+-------+---------
           D:1 |       0 |      28 |   0.0 |       0 |      15 |   0.0 |   294
               +---------+---------+-------+---------+---------+-------+---------
